 Dungeon Crawl Stone Soup version 0.17-a0-129-g9432df0 (webtiles) character file.

901 Ngotmuk the Cudgeler (level 7, 0/61 HPs)
             Began as a Deep Dwarf Fighter on Mar 24, 2015.
             Was an Initiate of Ru.
             Slain by an ogre
             ... wielding a +0 giant club
              (17 damage)
             ... on level 5 of the Dungeon.
             The game lasted 00:10:30 (3339 turns).

Ngotmuk the Cudgeler (Deep Dwarf Fighter)           Turns: 3339, Time: 00:10:31

Health: 0/61       AC: 17    Str: 22    XL:     7   Next: 80%
Magic:  7/7        EV:  8    Int:  8    God:    Ru [......]
Gold:   169        SH:  0    Dex: 12    Spells: 0 memorised, 6 levels left

rFire  . . .     SeeInvis .     p - +2 morningstar (protect)
rCold  . . .     Clarity  .     z - +0 chain mail
rNeg   . . .     SustAb   .     (no shield)
rPois  .         Gourm    .     y - +0 helmet
rElec  .         Spirit   .     n - +0 cloak
rCorr  .         Warding  .     (no gloves)
rMut   .         Stasis   .     (no boots)
MR     +....                    (no amulet)
Stlth  ..........               (no ring)
                                (no ring)

@: non-regenerating, somewhat resistant to hostile enchantments, extremely
unstealthy
A: damage resistance, recharge devices, sense surroundings 1, slow healing 3
a: Device Recharging, Renounce Religion


You were on level 5 of the Dungeon.
You worshipped Ru.
Ru was noncommittal.
You were not hungry.

You visited 2 branches of the dungeon, and saw 6 of its levels.

You collected 169 gold pieces.

Inventory:

Hand weapons
 l - a +2 whip of electrocution
 p - a +2 morningstar of protection (weapon)
Armour
 n - a +0 cloak (worn)
 y - a +0 helmet (worn)
 z - a +0 chain mail (worn)
 C - a +3 ring mail
Magical devices
 b - a wand of heal wounds (2)
 d - a wand of heal wounds (1)
 t - a wand of slowing (32)
 B - a wand of frost (13)
Scrolls
 a - a scroll of enchant armour {unknown}
 g - 3 scrolls of teleportation {unknown}
 h - 2 scrolls of blinking {unknown}
 i - 4 scrolls of amnesia {unknown}
 m - 2 scrolls of remove curse {unknown}
 o - 2 scrolls of enchant weapon {unknown}
 u - 2 scrolls of fear {unknown}
 v - a scroll of recharging {unknown}
 w - 2 scrolls of identify {unknown}
 x - a scroll of fog {unknown}
Potions
 c - a potion of agility {unknown}
 e - a potion of might
 j - a potion of curing {unknown}
 k - 2 potions of brilliance {unknown}
 q - a potion of resistance {unknown}
 r - 2 potions of restore abilities {unknown}
 A - a potion of heal wounds {unknown}
Books
 f - a book of Changes

   Spells                             Type                      Level
   a - Beastly Appendage              Transmutation                1
   b - Sticks to Snakes               Transmutation                2
   c - Spider Form                    Transmutation/Poison         3
   d - Ice Form                       Ice/Transmutation            4
   e - Blade Hands                    Transmutation                5
Comestibles
 s - 2 meat rations


   Skills:
 - Level 2.6 Fighting
 * Level 7.5 Maces & Flails
 + Level 6.5 Armour
   Level 3.2 Shields


You had 6 spell levels left.
You didn't know any spells.

Dungeon Overview and Level Annotations

Branches:
Dungeon (5/15)             Temple (1/1) D:5

Altars:
Cheibriados
Dithmenos
Fedhas
Kikubaaqudgha
Makhleb
Nemelex Xobeh
Okawaru
Qazlal
Ru
Vehumet
Xom
Yredelemnul
Zin
The Shining One


Innate Abilities, Weirdness & Mutations

You are resistant to damage.
You can recharge devices by infusing magical energy.
You passively map a small area around you.
You do not heal naturally.


Message History

The ogre shouts!
Found a royal jelly.
There is an open door here.
You see here a runed ring mail.
C - a runed ring mail You open the door.
There is an open door here.
The ogre misses you.
You barely miss the ogre. You hit the ogre.
The ogre is moderately wounded.
The ogre hits you with a giant club!
* * * LOW HITPOINT WARNING * * *
Your chain mail prevents you from hitting the ogre.
The ogre is moderately wounded.
The ogre hits you but does no damage.
You hit the ogre.
The ogre is moderately wounded.
The ogre hits you with a giant club!!
You die...

##### *
#...#### #
#..@#..+ # *
,+..O'..# ,
# , #...#..#
, #####
#+##...##.#,
#....
#..##...#.##
* #....
#...#...#..#
#....
#...'...#..#
#....
#...#...'..#
#....
#.###...####
* #....


You could see an ogre.

Vanquished Creatures
  An ice beast (D:5)
  A phantom (D:4)
  An ogre (D:5)
  A big kobold (D:4)
  A scorpion (D:4)
  A crimson imp (D:5)
  2 hounds
  2 orc priests (D:4)
  An iguana (D:4)
  An orc wizard (D:3)
  Natasha (thrice) (D:5)
  A worker ant (D:4)
  Ijyb (D:2)
  8 adders
  A giant mite (D:1)
  3 worms
  2 giant geckos
  An ooze (D:1)
  15 orcs
  7 ball pythons
  8 bats
  A bat skeleton (D:4)
  2 bat zombies (D:4)
  4 giant cockroaches
  5 hobgoblins
  18 jackals
  17 kobolds
  A giant newt (D:2)
  16 goblins
  A quokka (D:2)
  7 rats
134 creatures vanquished.

Notes
Turn   | Place    | Note
--------------------------------------------------------------
     0 | D:1      | Ngotmuk, the Deep Dwarf Fighter, began the quest for the Orb.
     0 | D:1      | Reached XP level 1. HP: 20/20 MP: 1/1
   272 | D:1      | Reached XP level 2. HP: 18/27 MP: 2/2
   549 | D:1      | Reached XP level 3. HP: 12/33 MP: 3/3
   917 | D:2      | Reached skill level 4 in Armour
   998 | D:2      | Noticed Ijyb
  1011 | D:2      | Killed Ijyb
  1011 | D:2      | Reached XP level 4. HP: 10/40 MP: 4/4
  1608 | D:3      | Reached XP level 5. HP: 31/46 MP: 5/5
  1940 | D:4      | Reached skill level 5 in Maces & Flails
  1940 | D:4      | Reached skill level 5 in Armour
  1995 | D:4      | Reached XP level 6. HP: 33/55 MP: 6/6
  2119 | D:4      | Noticed a phantom
  2136 | D:4      | Killed a phantom
  2136 | D:4      | Reached skill level 6 in Maces & Flails
  2188 | D:4      | Reached XP level 7. HP: 13/61 MP: 7/7
  2643 | D:5      | Entered Level 5 of the Dungeon
  2644 | D:5      | Noticed Natasha
  2669 | D:5      | Killed Natasha
  2680 | D:5      | Reached skill level 7 in Maces & Flails
  2779 | D:5      | Noticed Natasha
  2795 | D:5      | Killed Natasha
  2902 | D:5      | Found a staircase to the Ecumenical Temple.
  2904 | D:5      | Noticed Natasha
  2908 | D:5      | Killed Natasha
  2955 | Temple   | Entered the Ecumenical Temple
  3040 | Temple   | Became a worshipper of Ru the Awakened
  3247 | D:5      | Found a blossoming altar of Fedhas.
  3247 | D:5      | Found a shadowy altar of Dithmenos.
  3339 | D:5      | Slain by an ogre

Action                   |  1- 3 |  4- 6 |  7- 9 || total
-------------------------+-------+-------+-------++-------
Melee: Flail             |   129 |    20 |       ||   149
       Whip              |       |    41 |       ||    41
       Morningstar       |       |   188 |   105 ||   293
Evoke: Wand              |       |     3 |     1 ||     4
  Eat: Bread ration      |       |     1 |       ||     1
       Beef jerky        |       |     1 |       ||     1
       Meat ration       |       |       |     1 ||     1
